| TOP OF THE 1ST |
|
Staten Island Yankees batting - Pitching for Idaho Falls Chukars : LHP Ben Mills
|
|
Pitching: LHP Ben Mills
|
|
|
Batting: RHB Norimoto Miyanishi
|
0-0: Called Strike 0-1: Swinging Strike 0-2: Foul Ball, location: 2F 0-2: Foul Ball, location: 2F 0-2: Fly out, F3 (Popup, 3S, EV 68.1 MPH)
|
|
Batting: RHB Edite Leoni
|
0-0: Called Strike 0-1: Called Strike 0-2: Ball 1-2: Ball 2-2: Ground out 4-3 (Groundball, 34, EV 80.6 MPH)
|
|
Batting: LHB Carlos Palau
|
0-0: Ground out U3 (Groundball, 3L, EV 97.5 MPH)
|
| Top of the 1st over - 0 runs, 0 hits, 0 errors, 0 left on base; Staten Island 0 - Idaho Falls 0 |
| BOTTOM OF THE 1ST |
|
Idaho Falls Chukars batting - Pitching for Staten Island Yankees : RHP Nick Peters
|
|
Pitching: RHP Nick Peters
|
|
|
Batting: RHB Jon Shonka
|
0-0: Ball 1-0: Ground out 2-3 (Groundball, 2R, EV 66.9 MPH)
|
|
Batting: RHB Joe Gabriel
|
0-0: Ball 1-0: Ball 2-0: Foul Ball, location: 2F 2-1: Foul Ball, location: 2F 2-2: Ball 3-2: Foul Ball, location: 2F 3-2: Base on Balls
|
|
Batting: RHB Hugo Chavez
|
0-0: Ball Joe Gabriel is caught stealing 2nd base 2-4 1-0: Ball 2-0: Ball 3-0: Called Strike 3-1: Fly out, F4 (Line Drive, 4, EV 68.1 MPH)
|
| Bottom of the 1st over - 0 runs, 0 hits, 0 errors, 0 left on base; Staten Island 0 - Idaho Falls 0 |
| TOP OF THE 2ND |
|
Staten Island Yankees batting - Pitching for Idaho Falls Chukars : LHP Ben Mills
|
|
Batting: RHB Pat Pemberton
|
0-0: Ball 1-0: Ground out 6-3 (Groundball, 56, EV 105.0 MPH)
|
|
Batting: RHB Brad Wren
|
0-0: Ball 1-0: Swinging Strike 1-1: Foul Ball, location: 2F 1-2: Ball 2-2: Foul Ball, location: 2F 2-2: Strikes out swinging
|
|
Batting: LHB Justin Short
|
0-0: Ball 1-0: Ground out U3 (Groundball, 34, EV 95.0 MPH)
|
| Top of the 2nd over - 0 runs, 0 hits, 0 errors, 0 left on base; Staten Island 0 - Idaho Falls 0 |
| BOTTOM OF THE 2ND |
|
Idaho Falls Chukars batting - Pitching for Staten Island Yankees : RHP Nick Peters
|
|
Batting: RHB Chance Argy
|
0-0: Foul Ball, location: 2F 0-1: Ball 1-1: SINGLE (Groundball, 4D, EV 95.6 MPH)
|
|
Batting: RHB Masakuni Takeuchi
|
0-0: Ball 1-0: Called Strike 1-1: Ball 2-1: Swinging Strike 2-2: Foul Ball, location: 2F 2-2: Foul Ball, location: 2F 2-2: Strikes out swinging
|
|
Batting: RHB Bill Cranton
|
0-0: Ball 1-0: Ball 2-0: Fielders Choice at 2nd, 5-4 (Groundball, 5, EV 83.8 MPH)
|
|
Batting: RHB Shura Mogilny
|
0-0: Ball 1-0: Ball 2-0: Ball 3-0: Called Strike 3-1: DOUBLE (Line Drive, 89D, EV 107.5 MPH) Bill Cranton to third Runner from 3rd tries for Home, SAFE, no throw by CF
|
|
Batting: SHB Alex Cavazos
|
0-0: Ground out 4-3 (Groundball, 34, EV 83.8 MPH)
|
| Bottom of the 2nd over - 1 run, 2 hits, 0 errors, 1 left on base; Staten Island 0 - Idaho Falls 1 |
| TOP OF THE 3RD |
|
Staten Island Yankees batting - Pitching for Idaho Falls Chukars : LHP Ben Mills
|
|
Batting: SHB Adam Slade
|
0-0: Ball 1-0: Fly out, F7 (Flyball, 7, EV 89.4 MPH)
|
|
Batting: RHB Danny Ayala
|
0-0: Ball 1-0: Ball 2-0: Ball 3-0: Base on Balls
|
|
Batting: RHB Jesus Ruiz
|
0-0: Ball 1-0: Fielders Choice at 2nd, 5-4 (Groundball, 5, EV 86.9 MPH)
|
|
Batting: RHB Norimoto Miyanishi
|
0-0: Reached on error, E5 (Groundball, 56, EV 101.9 MPH) Jesus Ruiz to second
|
|
Batting: RHB Edite Leoni
|
0-0: Called Strike 0-1: Fly out, F7 (Flyball, 7D, EV 87.5 MPH)
|
| Top of the 3rd over - 0 runs, 0 hits, 1 error, 2 left on base; Staten Island 0 - Idaho Falls 1 |
| BOTTOM OF THE 3RD |
|
Idaho Falls Chukars batting - Pitching for Staten Island Yankees : RHP Nick Peters
|
|
Batting: RHB Dermott Ayliffe
|
0-0: Ball 1-0: Called Strike 1-1: Foul Ball, location: 2F 1-2: Ball 2-2: Strikes out swinging
|
|
Batting: RHB Jon Shonka
|
0-0: Ground out 4-3 (Groundball, 4S, EV 82.5 MPH)
|
|
Batting: RHB Joe Gabriel
|
0-0: Bunt missed! 0-1: Ball 1-1: Called Strike 1-2: Ground out 5-3 (Groundball, 56S, EV 66.9 MPH)
|
| Bottom of the 3rd over - 0 runs, 0 hits, 0 errors, 0 left on base; Staten Island 0 - Idaho Falls 1 |
| TOP OF THE 4TH |
|
Staten Island Yankees batting - Pitching for Idaho Falls Chukars : LHP Ben Mills
|
|
Batting: LHB Carlos Palau
|
0-0: Ball 1-0: TRIPLE (Flyball, 9LD, EV 100.0 MPH)
|
|
Batting: RHB Pat Pemberton
|
0-0: Ball 1-0: Fly out, F4 (Popup, 4MD, EV 52.5 MPH)
|
|
Batting: RHB Brad Wren
|
0-0: Called Strike 0-1: Ball 1-1: Ground out 1-3 (Groundball, 34S, EV 69.4 MPH)
|
|
Batting: LHB Justin Short
|
0-0: Ball 1-0: Ground out U3 (Groundball, 3, EV 100.6 MPH)
|
| Top of the 4th over - 0 runs, 1 hit, 0 errors, 1 left on base; Staten Island 0 - Idaho Falls 1 |
| BOTTOM OF THE 4TH |
|
Idaho Falls Chukars batting - Pitching for Staten Island Yankees : RHP Nick Peters
|
|
Batting: RHB Hugo Chavez
|
0-0: Swinging Strike 0-1: Foul Ball, location: 2F 0-2: SINGLE (Line Drive, 6M, EV 93.8 MPH)
|
|
Batting: RHB Chance Argy
|
0-0: Called Strike 0-1: Foul Ball, location: 2F 0-2: Ball 1-2: Ball Wild Pitch! Hugo Chavez to second 2-2: Strikes out looking
|
|
Batting: RHB Masakuni Takeuchi
|
0-0: Ground out 5-3 (Groundball, 56S, EV 88.8 MPH)
|
|
Batting: RHB Bill Cranton
|
0-0: Called Strike 0-1: Ball 1-1: Ball 2-1: Swinging Strike 2-2: Ground out 4-3 (Groundball, 4S, EV 81.2 MPH)
|
| Bottom of the 4th over - 0 runs, 1 hit, 0 errors, 1 left on base; Staten Island 0 - Idaho Falls 1 |
| TOP OF THE 5TH |
|
Staten Island Yankees batting - Pitching for Idaho Falls Chukars : LHP Ben Mills
|
|
Batting: SHB Adam Slade
|
0-0: Called Strike 0-1: Ball 1-1: Ground out 6-3 (Groundball, 6, EV 86.2 MPH)
|
|
Batting: RHB Danny Ayala
|
0-0: Ground out 4-3 (Groundball, 4D, EV 86.2 MPH)
|
|
Batting: RHB Jesus Ruiz
|
0-0: Fly out, F7 (Line Drive, 7S, EV 95.6 MPH)
|
| Top of the 5th over - 0 runs, 0 hits, 0 errors, 0 left on base; Staten Island 0 - Idaho Falls 1 |
| BOTTOM OF THE 5TH |
|
Idaho Falls Chukars batting - Pitching for Staten Island Yankees : RHP Nick Peters
|
|
Batting: RHB Shura Mogilny
|
0-0: Ball 1-0: Ball 2-0: Ball 3-0: Called Strike 3-1: Called Strike 3-2: SINGLE (Line Drive, 8LS, EV 108.8 MPH)
|
|
Batting: SHB Alex Cavazos
|
0-0: Swinging Strike 0-1: Swinging Strike 0-2: Strikes out swinging
|
|
Batting: RHB Dermott Ayliffe
|
0-0: Ball Shura Mogilny steals 2nd base 1-0: Ball 2-0: SINGLE (Groundball, 6MD, EV 95.0 MPH) Shura Mogilny to third Runner from 3rd tries for Home, SAFE, throw by CF to home
|
|
Batting: RHB Jon Shonka
|
0-0: Ball 1-0: Called Strike 1-1: Called Strike 1-2: Foul Ball, location: 2F 1-2: Foul Ball, location: 2F 1-2: Ball Wild Pitch! Dermott Ayliffe to second 2-2: Fly out, F8 (Line Drive, 89S, EV 100.6 MPH)
|
|
Batting: RHB Joe Gabriel
|
0-0: Ball 1-0: Ball 2-0: Called Strike 2-1: Ball 3-1: Base on Balls
|
|
Batting: RHB Hugo Chavez
|
0-0: SINGLE (Groundball, 6D, EV 101.9 MPH) Dermott Ayliffe to third Joe Gabriel to second Runner from 3rd tries for Home, SAFE, throw by CF to home
|
|
Batting: RHB Chance Argy
|
0-0: Ball 1-0: Ball 2-0: Ball 3-0: Called Strike 3-1: 3-RUN HOME RUN (Flyball, 78XD, EV 97.5 MPH), Distance : 385 ft
|
|
Pitching: LHP Loo Lei
|
|
|
Batting: RHB Masakuni Takeuchi
|
0-0: Foul Ball, location: 2F 0-1: Ball 1-1: Fly out, F7 (Flyball, 7D, EV 92.5 MPH)
|
| Bottom of the 5th over - 5 runs, 4 hits, 0 errors, 0 left on base; Staten Island 0 - Idaho Falls 6 |
| TOP OF THE 6TH |
|
Staten Island Yankees batting - Pitching for Idaho Falls Chukars : LHP Ben Mills
|
|
Batting: RHB Norimoto Miyanishi
|
0-0: Ball 1-0: SINGLE (Groundball, 6MD, EV 96.2 MPH)
|
|
Batting: RHB Edite Leoni
|
0-0: Ball Norimoto Miyanishi steals 2nd base 1-0: Called Strike 1-1: Called Strike 1-2: Ball 2-2: Ball 3-2: Base on Balls
|
|
Batting: LHB Carlos Palau
|
0-0: Swinging Strike 0-1: Swinging Strike 0-2: Ball 1-2: Ball 2-2: Ball 3-2: Strikes out swinging
|
|
Batting: RHB Pat Pemberton
|
0-0: Called Strike 0-1: SINGLE (Groundball, 6D, EV 97.5 MPH) Norimoto Miyanishi to third Edite Leoni to second Runner from 3rd tries for Home, SAFE, throw by CF to home
|
|
Batting: RHB Brad Wren
|
0-0: Called Strike 0-1: Swinging Strike 0-2: Ball 1-2: Foul Ball, location: 2F 1-2: Ball 2-2: Foul Ball, location: 2F 2-2: Ball 3-2: SINGLE (Groundball, 56, EV 96.2 MPH) Edite Leoni to third Pat Pemberton to second Runner from 3rd tries for Home, SAFE, throw by LF to home
|
|
Batting: LHB Justin Short
|
0-0: Called Strike 0-1: Swinging Strike 0-2: Strikes out swinging
|
|
Batting: SHB Adam Slade
|
0-0: Foul Ball, location: 2F 0-1: Called Strike 0-2: Hit by Pitch Pat Pemberton to third Brad Wren to second
|
|
Batting: RHB Danny Ayala
|
0-0: Ball 1-0: Fielders Choice at 2nd, 6-4 (Groundball, 6, EV 90.6 MPH)
|
| Top of the 6th over - 2 runs, 3 hits, 0 errors, 3 left on base; Staten Island 2 - Idaho Falls 6 |
| BOTTOM OF THE 6TH |
|
Idaho Falls Chukars batting - Pitching for Staten Island Yankees : LHP Loo Lei
|
|
Batting: RHB Bill Cranton
|
0-0: Called Strike 0-1: Ball 1-1: Ball 2-1: Foul Ball, location: 2F 2-2: Ball 3-2: Strikes out swinging
|
|
Batting: RHB Shura Mogilny
|
0-0: Foul Ball, location: 2F 0-1: Ball 1-1: Ball 2-1: Foul Ball, location: 2F 2-2: Foul Ball, location: 2F 2-2: Strikes out swinging
|
|
Batting: SHB Alex Cavazos
|
0-0: DOUBLE (Groundball, 5L, EV 105.6 MPH)
|
|
Batting: RHB Dermott Ayliffe
|
0-0: Ball 1-0: Ball 2-0: Reached on error, E4 (Groundball, 4, EV 85.0 MPH) Alex Cavazos scores
|
|
Batting: RHB Jon Shonka
|
0-0: SINGLE (Groundball, 56, EV 105.6 MPH) Dermott Ayliffe to third Runner from 3rd tries for Home, SAFE, throw by LF to home Jon Shonka to second
|
|
Batting: RHB Joe Gabriel
|
0-0: Called Strike 0-1: Ball 1-1: TRIPLE (Line Drive, 78XD, EV 100.0 MPH) Jon Shonka scores
|
|
Batting: RHB Hugo Chavez
|
0-0: Ball 1-0: Called Strike 1-1: Ball 2-1: Ball 3-1: Called Strike 3-2: Foul Ball, location: 2F 3-2: Strikes out swinging
|
| Bottom of the 6th over - 3 runs, 3 hits, 1 error, 1 left on base; Staten Island 2 - Idaho Falls 9 |
| TOP OF THE 7TH |
|
Staten Island Yankees batting - Pitching for Idaho Falls Chukars : LHP Ben Mills
|
|
Batting: RHB Jesus Ruiz
|
0-0: Called Strike 0-1: Foul Ball, location: 2F 0-2: Foul Ball, location: 2F 0-2: Ball 1-2: Ball 2-2: Strikes out swinging
|
|
Pitching: LHP Adrian Sanchez
|
|
|
Batting: RHB Norimoto Miyanishi
|
0-0: Foul Ball, location: 2F 0-1: Ball 1-1: Ball 2-1: Called Strike 2-2: Ball 3-2: Strikes out looking
|
|
Batting: RHB Edite Leoni
|
0-0: Ball 1-0: Ball 2-0: Called Strike 2-1: Foul Ball, location: 2F 2-2: Strikes out swinging
|
| Top of the 7th over - 0 runs, 0 hits, 0 errors, 0 left on base; Staten Island 2 - Idaho Falls 9 |
| BOTTOM OF THE 7TH |
|
Idaho Falls Chukars batting - Pitching for Staten Island Yankees : LHP Loo Lei
|
|
Batting: RHB Chance Argy
|
0-0: Called Strike 0-1: Ball 1-1: Ball 2-1: SINGLE (Groundball, 34D, EV 97.5 MPH)
|
|
Batting: RHB Masakuni Takeuchi
|
0-0: Swinging Strike 0-1: Foul Ball, location: 2F 0-2: Ball 1-2: SINGLE (Flyball, 89S, EV 93.1 MPH) Chance Argy to second Runner from 2nd tries for 3rd, SAFE, throw by RF made to third
|
|
Batting: RHB Bill Cranton
|
0-0: Ball 1-0: Ball 2-0: Foul Ball, location: 2F 2-1: Called Strike 2-2: Foul Ball, location: 2F 2-2: Ball 3-2: Fly out, F9 (Flyball, 89M, EV 90.0 MPH) Runner from 3rd tags up, SCORES, throw by RF
|
|
Batting: RHB Shura Mogilny
|
0-0: Fielders Choice at 2nd, 5-4 (Groundball, 56, EV 86.2 MPH)
|
|
Batting: SHB Alex Cavazos
|
0-0: Called Strike 0-1: Ground out 1-3 (Groundball, 34S, EV 66.2 MPH)
|
| Bottom of the 7th over - 1 run, 2 hits, 0 errors, 1 left on base; Staten Island 2 - Idaho Falls 10 |
| TOP OF THE 8TH |
|
Staten Island Yankees batting - Pitching for Idaho Falls Chukars : LHP Adrian Sanchez
|
|
Batting: LHB Carlos Palau
|
0-0: Called Strike 0-1: Called Strike 0-2: Ball 1-2: Ball 2-2: Ground out 4-3 (Groundball, 4, EV 104.4 MPH)
|
|
Pinch Hitting: RHB Matt Thompson
|
0-0: Swinging Strike 0-1: Ball 1-1: Ball 2-1: Foul Ball, location: 2F 2-2: Foul Ball, location: 2F 2-2: Foul Ball, location: 2F 2-2: Strikes out swinging
|
|
Batting: RHB Brad Wren
|
0-0: Ball 1-0: Called Strike 1-1: Ball 2-1: Foul Ball, location: 2F 2-2: Strikes out looking
|
| Top of the 8th over - 0 runs, 0 hits, 0 errors, 0 left on base; Staten Island 2 - Idaho Falls 10 |
| BOTTOM OF THE 8TH |
|
Idaho Falls Chukars batting - Pitching for Staten Island Yankees : LHP Loo Lei
|
|
Now at 2B: Matt Thompson
|
|
|
Batting: RHB Dermott Ayliffe
|
0-0: Swinging Strike 0-1: SINGLE (Groundball, 34D, EV 95.0 MPH)
|
|
Pitching: RHP Jake Bryant
|
|
|
Batting: RHB Jon Shonka
|
0-0: Ball 1-0: Called Strike 1-1: Ball 2-1: Ball 3-1: Base on Balls Dermott Ayliffe to second
|
|
Batting: RHB Joe Gabriel
|
0-0: Ball 1-0: Ball 2-0: Ball 3-0: Foul Ball, location: 2F 3-1: Foul Ball, location: 2F 3-2: Foul Ball, location: 2F 3-2: TRIPLE (Line Drive, 78XD, EV 99.4 MPH) Dermott Ayliffe scores Jon Shonka scores
|
|
Batting: RHB Hugo Chavez
|
0-0: Ball 1-0: Swinging Strike 1-1: Swinging Strike 1-2: Strikes out swinging
|
|
Batting: RHB Chance Argy
|
0-0: Called Strike 0-1: Reached on error, E5 (Groundball, 56S, EV 77.5 MPH) Joe Gabriel scores
|
|
Batting: RHB Masakuni Takeuchi
|
0-0: Called Strike 0-1: Swinging Strike 0-2: Ball 1-2: SINGLE (Groundball, 56D, EV 95.0 MPH) Chance Argy to second
|
|
Batting: RHB Bill Cranton
|
0-0: Swinging Strike 0-1: Ball 1-1: Ball 2-1: Called Strike 2-2: Foul Ball, location: 2F 2-2: Strikes out looking
|
|
Batting: RHB Shura Mogilny
|
0-0: Called Strike 0-1: SINGLE (Flyball, 34D, EV 90.0 MPH) Chance Argy to third Masakuni Takeuchi to second Runner from 3rd tries for Home, SAFE, throw by RF to home
|
|
Pitching: RHP Francisco Rosado
|
|
|
Batting: SHB Alex Cavazos
|
0-0: Fielders Choice at 2nd, 6-4 (Groundball, 6, EV 92.5 MPH)
|
| Bottom of the 8th over - 4 runs, 4 hits, 1 error, 2 left on base; Staten Island 2 - Idaho Falls 14 |
| TOP OF THE 9TH |
|
Staten Island Yankees batting - Pitching for Idaho Falls Chukars : LHP Adrian Sanchez
|
|
Pitching: LHP Tristan Irwin
|
|
|
Batting: LHB Justin Short
|
0-0: Ball 1-0: Ball 2-0: Swinging Strike 2-1: Foul Ball, location: 2F 2-2: Strikes out swinging
|
|
Batting: SHB Adam Slade
|
0-0: Called Strike 0-1: Called Strike 0-2: Strikes out swinging
|
|
Batting: RHB Danny Ayala
|
0-0: Called Strike 0-1: Foul Ball, location: 2F 0-2: Strikes out swinging
|
| Top of the 9th over - 0 runs, 0 hits, 0 errors, 0 left on base; Staten Island 2 - Idaho Falls 14 |
|